[Event "Titled Tuesday Blitz May 16 Early 2023"]
[White "Drygalov, Sergey"]
[Black "Martinez Ramirez, Lennis"]
[WhiteFideId "24171743"]
[BlackFideId "3509079"]
[WhiteElo "2533"]
[BlackElo "2410"]
[Result "1-0"]
[Round "06"]
[TimeControl "180+2"]
[Date "2023.05.16"]
[WhiteClock "0:00:31"]
[BlackClock "0:00:00"]

1. d4 d5 2. c4 e6 3. Nc3 Nf6 4. Nf3 Be7 5. Bf4 O-O 6. e3 c5 7. dxc5 Bxc5 8. Qc2 Nc6 9. a3 dxc4 10. Bxc4 Qe7 11. Rd1 a5 12. O-O h6 13. Na4 Nh5 14. Nxc5 Nxf4 15. Na4 Ng6 16. Bd3 Nge5 17. Bh7+ Kh8 18. Be4 f5 19. Bxc6 Nxc6 20. Nd4 Bd7 21. Qc5 Rad8 22. Nxc6 Qxc5 23. Nxc5 Bxc6 24. Nxe6 Rxd1 25. Rxd1 Rf6 26. Nd4 Bd7 27. g3 Kg8 28. Rc1 Rb6 29. Rc7 Bc6 30. b3 Be4 31. f3 Bb1 32. Kf2 g6 33. a4 Ba2 34. Rc2 Bxb3 35. Rb2 Rb4 36. Rxb3 Rxa4 37. Rxb7 Ra2+ 38. Ne2 h5 39. e4 fxe4 40. fxe4 g5 41. h4 gxh4 42. gxh4 Ra4 43. Ke3 Ra3+ 44. Kf4 Rh3 45. Nd4 Rxh4+ 46. Kf5 Rh1 47. e5 Rf1+ 48. Kg6 Kf8 49. Nf5 Ke8 50. e6 Rd1 51. Rb8+ Rd8 52. Rxd8+ Kxd8 53. Kf7 Kc7 54. e7 Kc6 55. e8=Q+ 1-0


[Site "https://www.chess.com"]

[Event "Titled Tuesday Blitz May 16 Early 2023"]
[White "Nitish Belurkar"]
[Black "Durarbayli, Vasif"]
[WhiteFideId "5084768"]
[BlackFideId "13402935"]
[WhiteElo "2352"]
[BlackElo "2551"]
[Result "0-1"]
[Round "06"]
[TimeControl "180+2"]
[Date "2023.05.16"]
[WhiteClock "0:00:04"]
[BlackClock "0:00:03"]

1. d4 Nf6 2. Nf3 e6 3. Nbd2 d5 4. e3 c5 5. c3 Nc6 6. Bd3 Bd6 7. O-O e5 8. dxc5 Bxc5 9. e4 O-O 10. Qe2 Bg4 11. exd5 Qxd5 12. Ne4 Be7 13. h3 Bh5 14. Rd1 Qe6 15. Ng3 Bg6 16. Bc4 Qc8 17. Nxe5 Nxe5 18. Qxe5 Bc5 19. Qe2 Re8 20. Qf1 Qc7 21. Kh1 h6 22. Bd3 Rad8 23. Bxg6 Rxd1 24. Qxd1 Bxf2 25. Ne4 Rxe4 26. Bxe4 Nxe4 27. g4 Qg3 28. Qf1 Bb6 29. Qg2 Nf2+ 30. Kg1 Nxg4+ 31. Kf1 Nh2+ 0-1


[Site "https://www.chess.com"]

[Event "Titled Tuesday Blitz May 16 Early 2023"]
[White "Moussard, Jules"]
[Black "Spata, German"]
[WhiteFideId "642908"]
[BlackFideId "113026"]
[WhiteElo "2610"]
[BlackElo "2260"]
[Result "1-0"]
[Round "06"]
[TimeControl "180+2"]
[Date "2023.05.16"]
[WhiteClock "0:00:19"]
[BlackClock "0:00:00"]

1. b3 e6 2. Bb2 d5 3. Nf3 c5 4. e3 Nf6 5. c4 Be7 6. Nc3 O-O 7. cxd5 Nxd5 8. Be2 Nc6 9. O-O Bf6 10. Rc1 b6 11. d4 Nxc3 12. Bxc3 cxd4 13. exd4 Bb7 14. Ne5 Nxe5 15. dxe5 Be7 16. Bc4 Qxd1 17. Rfxd1 Rfd8 18. Kf1 Kf8 19. a4 Rxd1+ 20. Rxd1 Rd8 21. Rxd8+ Bxd8 22. g3 Be7 23. Ke2 Ke8 24. Bd4 Kd7 25. f4 g6 26. g4 Bc5 27. Ke3 Bxd4+ 28. Kxd4 Bf3 29. h3 Bg2 30. Bb5+ Kd8 31. h4 h6 32. g5 hxg5 33. fxg5 Bd5 34. b4 Bg2 35. a5 Bf3 36. Ba4 Bg2 37. Bd1 Bc6 38. Be2 Kc7 39. Ke3 Kd7 40. Kf4 Kc7 41. Kg4 Kd7 42. Bd3 Ba4 43. Kf4 Kc7 44. Be2 Bc2 45. Ke3 Kd7 46. Bb5+ Kd8 47. Kd4 Bd1 48. Bd3 Bb3 49. Kc3 Bd5 50. Bb5 Ke7 51. Kd4 Kd8 52. Ke3 Ke7 53. Kf4 Kd8 54. Ba4 Ke7 55. Bc2 Kd8 56. Bd3 Ke7 57. Ke3 Kd8 58. Kd4 Ke7 59. Be2 Kd8 60. Kc3 Ke7 61. Kb2 Kd8 62. Ka3 Bc6 63. Kb3 Bd5+ 64. Ka4 Bc6+ 65. Bb5 Kc7 66. Bxc6 Kxc6 67. a6 Kd5 68. Kb5 Kxe5 69. Kc6 Kf5 70. Kb7 e5 71. Kxa7 e4 72. Kb7 e3 73. a7 e2 74. a8=Q e1=Q 75. Qc8+ Qe6 76. Qc6 Kg4 77. Kxb6 Kxh4 78. Qxe6 fxe6 79. Kc5 e5 80. Kd5 Kxg5 81. Kxe5 1-0


[Site "https://www.chess.com"]

[Event "Titled Tuesday Blitz May 16 Early 2023"]
[White "Pacan-Milej, Kosma"]
[Black "Lobanov, Sergei"]
[WhiteFideId "21800537"]
[BlackFideId "24183750"]
[WhiteElo "2302"]
[BlackElo "2501"]
[Result "1-0"]
[Round "06"]
[TimeControl "180+2"]
[Date "2023.05.16"]
[WhiteClock "0:00:57"]
[BlackClock "0:00:05"]

1. e4 c5 2. Nf3 Nc6 3. Bb5 g6 4. Bxc6 dxc6 5. d3 Bg7 6. h3 Nh6 7. Nc3 f6 8. Be3 b6 9. a4 O-O 10. a5 Rb8 11. axb6 axb6 12. O-O e5 13. Nd2 Nf7 14. Nc4 Be6 15. f4 Bxc4 16. dxc4 exf4 17. Bxf4 Rb7 18. Qxd8 Rxd8 19. Ra6 Ng5 20. Bxg5 fxg5 21. Na4 b5 22. cxb5 cxb5 23. Nb6 Bxb2 24. Nd5 b4 25. Re6 Kg7 26. Kh1 Rc8 27. e5 c4 28. Nf6 b3 29. cxb3 cxb3 30. Ne8+ Kh6 31. Nd6 g4 32. Nxb7 Bd4 33. Nd6 Kg5 34. Nxc8 1-0


[Site "https://www.chess.com"]

[Event "Titled Tuesday Blitz May 16 Early 2023"]
[White "Nikologorskiy, Konstantin"]
[Black "JeRoma71"]
[WhiteFideId "24111708"]
[WhiteElo "2273"]
[BlackElo "2843"]
[Result "0-1"]
[Round "06"]
[TimeControl "180+2"]
[Date "2023.05.16"]
[WhiteClock "0:00:05"]
[BlackClock "0:01:06"]

1. d4 g6 2. c4 Bg7 3. Nc3 c5 4. d5 Bxc3+ 5. bxc3 f5 6. h4 Nf6 7. h5 Rg8 8. hxg6 hxg6 9. Nf3 Qa5 10. Qc2 d6 11. Bg5 Nbd7 12. e3 Nb6 13. Bxf6 exf6 14. Rh7 Bd7 15. Bd3 O-O-O 16. Kd2 Qa6 17. Rah1 Nxc4+ 18. Bxc4 Qxc4 19. Qb3 Bb5 20. Rb1 Qxb3 21. axb3 Rd7 22. Rxd7 Bxd7 23. Rh1 a5 24. Rh7 Be8 25. Kc2 g5 26. Nd2 f4 27. e4 Bg6 28. Re7 Re8 29. Rxe8+ Bxe8 30. Nc4 Kc7 31. Nxa5 b5 32. b4 c4 33. f3 Bd7 34. Kd2 Kd8 35. Nb7+ Ke7 36. Na5 f5 37. exf5 Kf6 38. Nc6 Kxf5 39. Nb8 Be8 40. Na6 Ke5 41. Nc7 Bd7 42. Ke2 Kf6 43. Na6 Ke7 44. Nb8 Be8 45. Kf2 Kd8 46. g3 Kc7 47. gxf4 Kxb8 48. fxg5 Kc7 49. Ke3 Kd7 50. f4 Bg6 51. Kf3 Bf5 52. Kg3 Ke7 53. Kh4 Kf7 54. Kh5 Kg7 55. Kh4 Kg6 56. Kg3 Be4 57. Kg4 Bd3 58. Kh4 Kf5 59. Kg3 Be4 60. Kh4 Bxd5 61. Kh5 Kxf4 62. g6 Ke3 63. Kg5 Kd3 64. Kf6 Kxc3 65. Ke7 Kxb4 66. Kxd6 Bg8 67. Ke7 c3 68. Kf8 Bc4 0-1


[Site "https://www.chess.com"]

[Event "Titled Tuesday Blitz May 16 Early 2023"]
[White "Pichot, Alan"]
[Black "Alex_Sahakyan2006"]
[WhiteFideId "110973"]
[WhiteElo "2573"]
[BlackElo "2658"]
[Result "0-1"]
[Round "06"]
[TimeControl "180+2"]
[Date "2023.05.16"]
[WhiteClock "0:00:23"]
[BlackClock "0:00:14"]

1. e4 c5 2. Nf3 d6 3. Bb5+ Nd7 4. a4 a6 5. Be2 Ngf6 6. Nc3 g6 7. a5 Bg7 8. O-O O-O 9. d3 Rb8 10. Bf4 b5 11. axb6 Rxb6 12. Ra2 Bb7 13. Qd2 Ng4 14. h3 Nge5 15. Bh6 Nxf3+ 16. Bxf3 Ne5 17. Be2 e6 18. Bxg7 Kxg7 19. d4 cxd4 20. Qxd4 Kg8 21. Rd1 Qc7 22. f4 Nd7 23. e5 d5 24. Na4 Rc6 25. c3 Nb6 26. Nxb6 Qxb6 27. Qxb6 Rxb6 28. Rd4 Rb8 29. Kf2 Bc6 30. b4 Bb5 31. Ke3 Rc8 32. Ra3 Rbc6 33. Bxb5 axb5 34. Kd2 h6 35. Ra5 Rxc3 36. Ra8 Rc2+ 37. Kd1 Rxa8 38. Kxc2 Ra2+ 39. Kc3 Rxg2 40. Rd3 g5 41. fxg5 hxg5 42. Kd4 Rc2 43. Rg3 Rc4+ 44. Kd3 Rxb4 45. Rxg5+ Kf8 46. Rh5 Re4 47. h4 b4 48. Rg5 Rxh4 0-1


[Site "https://www.chess.com"]

[Event "Titled Tuesday Blitz May 16 Early 2023"]
[White "Manukyan, Sargis V."]
[Black "Visakh N R"]
[WhiteFideId "13303465"]
[BlackFideId "25012223"]
[WhiteElo "2236"]
[BlackElo "2466"]
[Result "0-1"]
[Round "06"]
[TimeControl "180+2"]
[Date "2023.05.16"]
[WhiteClock "0:00:03"]
[BlackClock "0:00:32"]

1. Nf3 d5 2. g3 Nd7 3. d4 Nb6 4. Bg2 Bf5 5. O-O h6 6. Ne5 e6 7. b3 Nf6 8. Bb2 c6 9. Nd2 Be7 10. c4 O-O 11. Re1 Nbd7 12. Nd3 a5 13. e4 dxe4 14. Nxe4 a4 15. Nxf6+ Bxf6 16. Ne5 Nxe5 17. dxe5 Be7 18. bxa4 Qa5 19. Qb3 Bc5 20. Ba3 Bxa3 21. Qxa3 Qxa4 22. Qb2 Ra7 23. c5 Rd8 24. Bf3 Qa3 25. Qxa3 Rxa3 26. Be4 Bxe4 27. Rxe4 Rd5 28. Rb1 Ra7 29. Reb4 Rxa2 30. Rxb7 Rxe5 31. Rb8+ Kh7 32. R8b7 Kg6 33. Rc1 Ree2 34. Rf1 Rac2 35. h4 Rxc5 36. Kg2 h5 37. Rc7 Rc3 38. Rd1 Rcc2 39. Rf1 Red2 40. Kf3 c5 41. Ke3 Rd5 42. f4 Rc3+ 43. Ke2 Rxg3 44. f5+ Rxf5 0-1


[Site "https://www.chess.com"]

[Event "Titled Tuesday Blitz May 16 Early 2023"]
[White "koncheto"]
[Black "Sokolovsky, Yahli"]
[BlackFideId "2820242"]
[WhiteElo "2576"]
[BlackElo "2389"]
[Result "1-0"]
[Round "06"]
[TimeControl "180+2"]
[Date "2023.05.16"]
[WhiteClock "0:00:06"]
[BlackClock "0:00:00"]

1. e4 d6 2. d4 Nf6 3. Bd3 g6 4. f4 Nc6 5. Nf3 Bg4 6. c3 Bg7 7. e5 dxe5 8. fxe5 Nd5 9. h3 Bxf3 10. Qxf3 O-O 11. O-O e6 12. Nd2 f6 13. exf6 Rxf6 14. Qg4 Ne3 15. Qg3 Nxf1 16. Bxf1 e5 17. d5 Ne7 18. c4 Nf5 19. Qd3 c5 20. Ne4 Rf8 21. Bg5 Qb6 22. b3 h6 23. Bd2 Nd6 24. Re1 Nxe4 25. Qxe4 Qd6 26. Bd3 Rf6 27. Bc3 Rf5 28. Qg4 Rg5 29. Qh4 Rf8 30. Bd2 Rh5 31. Qg3 Kh7 32. Qg4 e4 33. Rxe4 Rhf5 34. Re6 Bd4+ 35. Qxd4 Qxe6 36. Bxf5 Qxf5 37. Qxc5 Qf1+ 38. Kh2 Rf7 39. Be3 Qd3 40. d6 Qe4 41. Bf2 b6 42. Qb4 Qf4+ 43. Bg3 Qf5 44. Qe1 Qd7 45. Qc3 h5 46. b4 Qc6 47. h4 Qd7 48. c5 bxc5 49. bxc5 Qc6 50. Qc4 Qd7 51. Qd5 Rf1 52. c6 Qg4 53. d7 Rd1 54. d8=Q Rxd5 55. Qxd5 Qd1 56. Qxd1 1-0


[Site "https://www.chess.com"]

[Event "Titled Tuesday Blitz May 16 Early 2023"]
[White "Danielyan, Vahe"]
[Black "Suyarov, Mukhammadzokhid"]
[WhiteFideId "13304828"]
[BlackFideId "14210495"]
[WhiteElo "2423"]
[BlackElo "2361"]
[Result "0-1"]
[Round "06"]
[TimeControl "180+2"]
[Date "2023.05.16"]
[WhiteClock "0:00:00"]
[BlackClock "0:01:29"]

1. e4 e6 2. d3 d5 3. Nd2 Nf6 4. Ngf3 c5 5. g3 Nc6 6. Bg2 Be7 7. O-O O-O 8. Re1 b5 9. h4 a5 10. e5 Nd7 11. Nf1 b4 12. h5 Ba6 13. h6 g6 14. N1h2 Qb6 15. Ng4 Rfc8 16. Bg5 Bf8 17. Qd2 Nd4 18. Nf6+ Nxf6 19. exf6 c4 20. Ne5 cxd3 21. cxd3 Nc2 22. Bh3 Nxa1 23. Nxf7 Kxf7 24. Bxe6+ Qxe6 25. Rxe6 Kxe6 26. Qe1+ Kf7 27. Qxa1 Bxd3 28. Qd1 Be4 29. Qa4 Bf5 30. Qb5 Be6 31. Qb7+ Kg8 32. Be3 Bf7 33. b3 Re8 34. Bd4 a4 35. Qc6 a3 36. Qb5 Rac8 37. Qd3 Bxh6 38. Kg2 Bf8 39. Qd1 Re4 40. Be3 d4 41. Bf4 Ree8 42. Qd3 Rc3 43. Qd2 d3 44. Be3 Rd8 45. Qd1 d2 46. Bf4 Rc1 0-1


[Site "https://www.chess.com"]

[Event "Titled Tuesday Blitz May 16 Early 2023"]
[White "Kravtsiv, Martyn"]
[Black "Czerw, Dawid"]
[WhiteFideId "14113147"]
[BlackFideId "1145746"]
[WhiteElo "2695"]
[BlackElo "2144"]
[Result "1-0"]
[Round "06"]
[TimeControl "180+2"]
[Date "2023.05.16"]
[WhiteClock "0:01:53"]
[BlackClock "0:00:03"]

1. e4 c5 2. Nf3 Nc6 3. d4 cxd4 4. Nxd4 Nf6 5. Nc3 e5 6. Ndb5 d6 7. Bg5 a6 8. Na3 b5 9. Nd5 Be7 10. Bxf6 Bxf6 11. c4 b4 12. Nc2 a5 13. g3 O-O 14. Bg2 Bg5 15. O-O Rb8 16. Qd3 Qd7 17. Rad1 Qa7 18. Kh1 Nd8 19. f4 Bh6 20. f5 f6 21. h4 Nb7 22. Ne7+ Kh8 23. Nc6 Qa8 24. Nxb8 Qxb8 25. b3 Rd8 26. Qf3 Nc5 27. Ne3 Bxe3 28. Qxe3 Bb7 29. Rd2 Bc6 30. Rfd1 Rd7 31. Kh2 Kg8 32. Bf3 Kf7 33. g4 Ke7 34. g5 Qb7 35. Rxd6 Rxd6 36. Qxc5 Qd7 37. Kg3 Qc7 38. Rxd6 Qxd6 39. Qxa5 Qd2 40. Qc5+ Kd7 41. Qa7+ Kd6 42. c5# 1-0


[Site "https://www.chess.com"]

[Event "Titled Tuesday Blitz May 16 Early 2023"]
[White "Sieciechowicz, Marcin"]
[Black "Bluebaum, Matthias"]
[WhiteFideId "1130170"]
[BlackFideId "24651516"]
[WhiteElo "2302"]
[BlackElo "2639"]
[Result "1-0"]
[Round "06"]
[TimeControl "180+2"]
[Date "2023.05.16"]
[WhiteClock "0:00:08"]
[BlackClock "0:00:07"]

1. d4 d5 2. c4 e6 3. Nc3 Bb4 4. a3 Bxc3+ 5. bxc3 Nf6 6. cxd5 exd5 7. e3 Bf5 8. Bd3 Bxd3 9. Qxd3 O-O 10. Ne2 c5 11. O-O Nc6 12. f3 Re8 13. Ng3 Rc8 14. Ra2 h5 15. Re1 Qd7 16. Nh1 Re6 17. Nf2 Rce8 18. Rae2 Qe7 19. e4 cxd4 20. cxd4 dxe4 21. fxe4 Qd8 22. Bb2 R6e7 23. e5 Nd5 24. Qf3 Re6 25. Ne4 Qb6 26. Ng5 Nxe5 27. Qxd5 Rd6 28. Rxe5 Rf8 29. Qe4 Rg6 30. Re8 Qd6 31. Rxf8+ Qxf8 32. Nf3 Re6 33. Qxb7 Rb6 34. Qe7 Qxe7 35. Rxe7 Rxb2 36. Rxa7 f6 37. a4 g5 38. g3 Rb3 39. Kf2 g4 40. Nh4 Rd3 41. a5 Rxd4 42. a6 Ra4 43. Ke3 Ra5 44. Ke4 Kf8 45. Nf5 Kg8 46. Nd6 h4 47. Nc4 Ra4 48. Kd5 hxg3 49. hxg3 f5 50. Ne3 f4 51. gxf4 g3 52. Re7 Rxa6 53. Ke4 Kf8 54. Re5 Ra2 55. Kf3 Kf7 56. Kxg3 Kg6 57. Kf3 Kf6 58. Rb5 Kf7 59. Ke4 Ra3 60. Ng4 Ra1 61. Kf5 Ra7 62. Ne5+ Kg7 63. Rd5 Ra8 64. Rd7+ Kg8 65. Kg5 Re8 66. Rc7 Rd8 67. Ng4 Rd5+ 68. Kg6 Rd8 69. f5 Kf8 70. f6 Ke8 71. Ne5 Rd6 72. Re7+ Kd8 73. Kf5 Rd5 74. Re6 Rd7 75. Nxd7 Kxd7 76. Re3 Kc7 77. f7 Kd7 78. f8=Q Kc7 79. Qc5+ Kb8 80. Rb3+ Ka8 81. Qa3# 1-0


[Site "https://www.chess.com"]

[Event "Titled Tuesday Blitz May 16 Early 2023"]
[White "Makarian, Rudik"]
[Black "Panesar Vedant"]
[WhiteFideId "44105681"]
[BlackFideId "35033018"]
[WhiteElo "2461"]
[BlackElo "2347"]
[Result "1-0"]
[Round "06"]
[TimeControl "180+2"]
[Date "2023.05.16"]
[WhiteClock "0:00:13"]
[BlackClock "0:00:01"]

1. d4 Nf6 2. c4 e6 3. Nf3 c5 4. d5 exd5 5. cxd5 d6 6. Nc3 g6 7. h3 a6 8. a4 Qe7 9. Bf4 Bg7 10. e3 O-O 11. Be2 Nbd7 12. O-O Ne8 13. Nd2 Rb8 14. Nc4 Ne5 15. Na3 f5 16. Qd2 Nf6 17. Bh2 Bd7 18. Rfe1 Ne4 19. Qc2 Qh4 20. f4 Qf2+ 21. Kh1 Ng3+ 22. Bxg3 Qxg3 23. Bf1 Ng4 24. hxg4 fxg4 25. Kg1 Qh4 26. g3 Qxg3+ 27. Qg2 Qh4 28. Nc4 Rbe8 29. Nxd6 Re7 30. Nde4 Rxf4 31. d6 Re8 32. Bc4+ Kh8 33. exf4 Bd4+ 34. Kf1 g3 35. Ke2 Bh3 36. Rh1 Qh5+ 37. Qf3 g2 38. Rxh3 g1=Q 39. Rxg1 Bxc3 40. Rxh5 1-0


[Site "https://www.chess.com"]

[Event "Titled Tuesday Blitz May 16 Early 2023"]
[White "Halkias, Stelios"]
[Black "Lazavik, Denis"]
[WhiteFideId "4201809"]
[BlackFideId "13515110"]
[WhiteElo "2451"]
[BlackElo "2560"]
[Result "0-1"]
[Round "06"]
[TimeControl "180+2"]
[Date "2023.05.16"]
[WhiteClock "0:00:01"]
[BlackClock "0:00:07"]

1. Nf3 d5 2. d4 Nf6 3. c4 c6 4. cxd5 cxd5 5. Nc3 Nc6 6. Bf4 e6 7. e3 Be7 8. Bd3 O-O 9. h3 Bd7 10. O-O Rc8 11. Rc1 Be8 12. Bb1 Nd7 13. Qd3 f5 14. Bh2 Bh5 15. Ne2 Bxf3 16. gxf3 Nf6 17. Kh1 Bd6 18. Bxd6 Qxd6 19. Rg1 Ne7 20. Qb3 b6 21. Nf4 Rxc1 22. Rxc1 Ng6 23. Nd3 f4 24. Qb4 Qd8 25. Rc6 fxe3 26. fxe3 Ne8 27. f4 Ne7 28. Rxe6 Nf5 29. Ne5 Ned6 30. Qb3 Qh4 31. Qxd5 Qe1+ 32. Kh2 Qg3+ 33. Kh1 Qxh3+ 34. Kg1 Qxe3+ 35. Kh1 Qe1+ 36. Kh2 Qf2+ 37. Qg2 Qxf4+ 38. Kh1 Qh4+ 39. Kg1 Qe1+ 40. Kh2 Qh4+ 41. Kg1 Qxd4+ 42. Kh2 Qh4+ 43. Qh3 Qf2+ 44. Qg2 Qf4+ 45. Kh1 Rc8 46. Nd3 Qh4+ 47. Kg1 Qd4+ 48. Kh2 h6 49. Re5 Qh4+ 50. Kg1 Rf8 51. Qd5+ Kh8 52. Qg2 Nd4 53. Re1 Nf3+ 54. Qxf3 Rxf3 55. Re8+ Nxe8 56. Ne5 Qg3+ 0-1


[Site "https://www.chess.com"]

[Event "Titled Tuesday Blitz May 16 Early 2023"]
[White "Grigoriants, Sergey"]
[Black "Harshavardhan G B"]
[WhiteFideId "4130804"]
[BlackFideId "25059009"]
[WhiteElo "2502"]
[BlackElo "2323"]
[Result "0-1"]
[Round "06"]
[TimeControl "180+2"]
[Date "2023.05.16"]
[WhiteClock "0:00:14"]
[BlackClock "0:01:39"]

1. d4 Nf6 2. c4 e6 3. g3 c5 4. d5 exd5 5. cxd5 d6 6. Nc3 g6 7. Bg2 Bg7 8. Nf3 O-O 9. O-O Re8 10. h3 a6 11. a4 Nbd7 12. Bf4 Qc7 13. Re1 Nh5 14. Bd2 b6 15. Rb1 Rb8 16. b4 b5 17. axb5 cxb4 18. Rxb4 Bxc3 19. Qc1 Bxd2 20. Qxc7 Bxb4 21. bxa6 Bxa6 22. Qxd7 Bb5 23. Qa7 Bxe1 24. Nxe1 Bxe2 25. Bf3 Rb1 26. Qd7 Rxe1+ 0-1


[Site "https://www.chess.com"]

[Event "Titled Tuesday Blitz May 16 Early 2023"]
[White "Postny, Evgeny"]
[Black "Ivic, Velimir"]
[WhiteFideId "2804344"]
[BlackFideId "950122"]
[WhiteElo "2504"]
[BlackElo "2563"]
[Result "0-1"]
[Round "06"]
[TimeControl "180+2"]
[Date "2023.05.16"]
[WhiteClock "0:00:00"]
[BlackClock "0:00:08"]

1. e4 c6 2. d4 d5 3. Nd2 dxe4 4. Nxe4 Nf6 5. Nxf6+ exf6 6. Bd3 Qxd4 7. Nf3 Qd8 8. O-O Be7 9. Bf4 O-O 10. Re1 Bg4 11. h3 Bh5 12. Qe2 Bd6 13. Bxd6 Qxd6 14. Rad1 Qf4 15. g4 Bg6 16. Bxg6 hxg6 17. Rd4 Qc7 18. Qe7 Qxe7 19. Rxe7 Na6 20. Rxb7 Rfb8 21. Rxb8+ Rxb8 22. Ra4 Nc5 23. Ra5 Ne6 24. b3 Rb7 25. Ra6 c5 26. Nd2 Rd7 27. Nc4 g5 28. Rd6 Rb7 29. Kf1 Kf8 30. Ke1 Ke7 31. Ra6 Nc7 32. Rc6 Ne6 33. Kd2 g6 34. Kc3 f5 35. a4 Nf4 36. Rxc5 Nxh3 37. gxf5 Nxf2 38. Re5+ Kf6 39. fxg6 Kxg6 40. Re2 Nh3 41. Ne5+ Kf5 42. Nd3 g4 43. Re5+ Kg6 44. Re4 f5 45. Re6+ Kg5 46. b4 g3 47. Re8 Rg7 48. Ne1 Kg4 49. b5 f4 50. a5 f3 51. Re4+ Nf4 52. Nd3 Rf7 53. Ne5+ Kf5 54. Nxf3 Kxe4 55. Ng5+ Kd5 56. Nxf7 g2 57. b6 g1=Q 58. b7 Qc5+ 0-1


[Site "https://www.chess.com"]

[Event "Titled Tuesday Blitz May 16 Early 2023"]
[White "Hafiz, Arif Abdul"]
[Black "Starozhilov, Leonid"]
[WhiteFideId "7104227"]
[BlackFideId "14106752"]
[WhiteElo "2198"]
[BlackElo "2352"]
[Result "1-0"]
[Round "06"]
[TimeControl "180+2"]
[Date "2023.05.16"]
[WhiteClock "0:00:34"]
[BlackClock "0:00:00"]

1. e4 g6 2. d4 Bg7 3. Nc3 d6 4. Nf3 Nf6 5. Bf4 O-O 6. Qd2 Bg4 7. h4 Bxf3 8. gxf3 h5 9. O-O-O Nc6 10. d5 Ne5 11. Be2 c6 12. Bg5 cxd5 13. Bxf6 Bxf6 14. Nxd5 e6 15. Nxf6+ Qxf6 16. f4 Nc6 17. Rhg1 Kh7 18. Rg5 Rh8 19. f5 exf5 20. exf5 Rae8 21. fxg6+ fxg6 22. Bxh5 Ne5 23. Be2 Qxf2 24. h5 Kg7 25. Rdg1 Re6 26. R5g2 Qf6 27. Rxg6+ Nxg6 28. Rxg6+ Qxg6 29. hxg6 Rh1+ 30. Bd1 Ree1 31. Qxd6 Rhg1 32. b4 b6 33. b5 Rxg6 34. Qc7+ Kg8 35. Qb8+ Kh7 36. Qxa7+ Kh6 37. Qd7 1-0


[Site "https://www.chess.com"]

[Event "Titled Tuesday Blitz May 16 Early 2023"]
[White "Sychev, Klementy"]
[Black "Gritsenko, Nikolai"]
[WhiteFideId "4114060"]
[BlackFideId "14112493"]
[WhiteElo "2583"]
[BlackElo "2389"]
[Result "1-0"]
[Round "06"]
[TimeControl "180+2"]
[Date "2023.05.16"]
[WhiteClock "0:00:08"]
[BlackClock "0:00:00"]

1. e4 d5 2. exd5 Nf6 3. Nf3 Nxd5 4. d4 Bf5 5. Be2 e6 6. O-O Be7 7. c4 Nb4 8. Nc3 Nc2 9. Rb1 Nb4 10. Be3 Bxb1 11. Qxb1 Nd7 12. Rd1 O-O 13. d5 exd5 14. a3 Nc6 15. Nxd5 Re8 16. Qf5 Qc8 17. Bd3 Nf8 18. Qh5 Ng6 19. Bf5 Qd8 20. Nc3 Qb8 21. h4 a5 22. Rd2 Ra6 23. Nd5 Qd8 24. Nxe7+ Qxe7 25. Ng5 h6 26. Rd7 Qxd7 27. Bxd7 Rxe3 28. fxe3 hxg5 29. Qxg5 Nce5 30. Bc8 Rd6 31. h5 Rd1+ 32. Kh2 Rd2 33. Kg3 f6 34. Qf5 Nf8 35. Bxb7 1-0


[Site "https://www.chess.com"]

[Event "Titled Tuesday Blitz May 16 Early 2023"]
[White "Bharath Subramaniyam H"]
[Black "Soham Kamotra"]
[WhiteFideId "46634827"]
[BlackFideId "46647490"]
[WhiteElo "2400"]
[BlackElo "2209"]
[Result "1/2-1/2"]
[Round "06"]
[TimeControl "180+2"]
[Date "2023.05.16"]
[WhiteClock "0:00:07"]
[BlackClock "0:00:09"]

1. c4 b6 2. d4 Nf6 3. Nc3 Bb7 4. Nf3 e6 5. a3 d5 6. cxd5 Nxd5 7. Nxd5 Qxd5 8. g3 c5 9. Bg2 cxd4 10. O-O Be7 11. Bf4 O-O 12. Rc1 Nc6 13. Ne5 Qxg2+ 14. Kxg2 Nxe5+ 15. f3 Nc6 16. Qa4 Rac8 17. b4 a6 18. Rc2 d3 19. Rd2 dxe2 20. Rxe2 b5 21. Qd1 Rfd8 22. Rd2 e5 23. Be3 Bf6 24. Rxd8+ Rxd8 25. Qb3 Nd4 26. Bxd4 exd4 27. Re1 g6 28. Qc2 Bd5 29. Qc5 d3 30. Re8+ Rxe8 31. Qxd5 Rd8 32. Qb3 d2 33. Qd1 Bc3 34. Kf2 Re8 35. Qc2 Re1 36. Qxc3 Rh1 37. Qc8+ Kg7 38. Qc3+ Kg8 39. Qc8+ Kg7 40. Qc3+ f6 41. Qc7+ Kg8 42. Qd8+ Kf7 43. Qd7+ Kf8 44. Qd6+ Kf7 45. Qd7+ Kf8 46. Qd8+ Kf7 47. Qd5+ Kg7 48. Qd7+ Kf8 1/2-1/2


[Site "https://www.chess.com"]

[Event "Titled Tuesday Blitz May 16 Early 2023"]
[White "Papasimakopoulos, Alexandros"]
[Black "Mikhailovsky, Vladimir"]
[WhiteFideId "4244125"]
[BlackFideId "34105414"]
[WhiteElo "2359"]
[BlackElo "2271"]
[Result "1-0"]
[Round "06"]
[TimeControl "180+2"]
[Date "2023.05.16"]
[WhiteClock "0:00:46"]
[BlackClock "0:00:01"]

1. d4 d6 2. Nf3 Nf6 3. c4 g6 4. Nc3 Bf5 5. Nh4 Bd7 6. e4 e5 7. Nf3 Nc6 8. d5 Ne7 9. Be2 Bg7 10. O-O O-O 11. Ne1 c6 12. Be3 c5 13. a3 Ne8 14. f3 f5 15. b4 f4 16. Bf2 b6 17. bxc5 dxc5 18. a4 Nd6 19. a5 Rb8 20. axb6 axb6 21. Ra7 Nec8 22. Ra6 g5 23. h3 h5 24. Nc2 Bf6 25. Na3 Kg7 26. Qb3 g4 27. fxg4 hxg4 28. Bxg4 Bxg4 29. hxg4 Bh4 30. Qb2 Bxf2+ 31. Rxf2 Qg5 32. Rf3 Kg8 33. Nab5 Nxc4 34. Qa2 Ne3 35. d6+ Kg7 36. Nc7 Qxg4 37. Ne6+ Kg8 38. Nxf8+ Kxf8 39. Nd5 Nxg2 40. Qxg2 Qxg2+ 41. Kxg2 Nxd6 42. Rh3 Nf7 43. Ra7 Ng5 44. Rh8# 1-0


[Site "https://www.chess.com"]

[Event "Titled Tuesday Blitz May 16 Early 2023"]
[White "Sakun, Volodymyr"]
[Black "Salinas Herrera, Pablo"]
[WhiteFideId "14114062"]
[BlackFideId "3407128"]
[WhiteElo "2318"]
[BlackElo "2546"]
[Result "0-1"]
[Round "06"]
[TimeControl "180+2"]
[Date "2023.05.16"]
[WhiteClock "0:00:00"]
[BlackClock "0:00:04"]

1. d4 d5 2. c4 e6 3. Nf3 Nf6 4. Nc3 c6 5. e3 Nbd7 6. Bd3 Be7 7. O-O O-O 8. b3 b6 9. Bb2 Bb7 10. Rc1 Rc8 11. cxd5 cxd5 12. Qe2 Ne4 13. Ba6 Nxc3 14. Rxc3 Rxc3 15. Bxc3 Qc8 16. Bxb7 Qxb7 17. Rc1 Rc8 18. Bb2 Rxc1+ 19. Bxc1 Qc6 20. Qd2 Bb4 21. Qd1 h6 22. Bd2 Ba3 23. g3 a5 24. Kg2 Nf6 25. Ne5 Qc7 26. f3 Ne8 27. Nd3 Nd6 28. Bc1 Nf5 29. Kf2 Be7 30. Bd2 Ba3 31. Bc1 Bd6 32. Ke2 h5 33. Bd2 h4 34. g4 Ne7 35. h3 Ba3 36. Nf2 Ng6 37. f4 Ne7 38. Nd3 Nc8 39. Bc1 Be7 40. Bd2 Ba3 41. Bc1 Bd6 42. Bd2 Na7 43. Qc1 Qd7 44. a4 f6 45. Qc2 Nc6 46. Ne1 e5 47. dxe5 fxe5 48. Nf3 exf4 49. exf4 Qe6+ 50. Kf1 Bc5 51. Qd3 Be7 52. Qe2 Qd6 53. f5 d4 54. Qe4 d3 55. Bf4 Qc5 56. Qc4+ Qxc4 57. bxc4 Nb4 58. Bd2 Nc2 59. Ne1 Na3 60. Nxd3 Nxc4 61. Be1 Kf7 62. Nf4 Nb2 63. Nd5 Nxa4 64. Nxe7 Kxe7 65. Bxh4+ Kf7 66. Be1 Nc5 67. Ke2 a4 68. Kd2 b5 69. Kc3 a3 0-1


[Site "https://www.chess.com"]

[Event "Titled Tuesday Blitz May 16 Early 2023"]
[White "Sviridov, Valery"]
[Black "Itgelt, Khuyagtsogt"]
[WhiteFideId "4120680"]
[BlackFideId "4902912"]
[WhiteElo "2457"]
[BlackElo "2227"]
[Result "1-0"]
[Round "06"]
[TimeControl "180+2"]
[Date "2023.05.16"]
[WhiteClock "0:01:51"]
[BlackClock "0:00:00"]

1. d4 Nf6 2. Nf3 g6 3. c4 Bg7 4. g3 O-O 5. Bg2 d5 6. cxd5 Nxd5 7. O-O Nb6 8. Nc3 Nc6 9. Qc2 Bf5 10. e4 Bg4 11. d5 Bxf3 12. dxc6 Bxg2 13. Kxg2 bxc6 14. Rd1 Qc8 15. b3 h5 16. Be3 Qe6 17. Rac1 h4 18. f3 Rad8 19. Ne2 Nd5 20. Bc5 h3+ 21. Kf2 Nb6 22. Nf4 Qe5 23. Nxh3 Rxd1 24. Rxd1 f5 25. Bd4 Qb5 26. Bxg7 Kxg7 27. Ng5 Rf6 28. Kg2 fxe4 29. Nxe4 Nd5 30. Re1 Re6 31. Qb2+ Kg8 32. Nc3 Qb4 33. Rxe6 1-0


[Site "https://www.chess.com"]